 Dungeon Crawl Stone Soup version 0.20.1-1-g8b1a95d (webtiles) character file.

130820 Irenicus the Black Belt (level 16, -25/148 HPs)
             Began as a Deep Dwarf Monk on Oct 16, 2017.
             Was an Elder of Makhleb.
             Annihilated by Irenicus's illusion (41 damage)
             ... woven by Mara
             ... on level 3 of the Spider Nest on Oct 17, 2017.
             The game lasted 03:00:06 (27882 turns).

Irenicus the Black Belt (Deep Dwarf Monk)          Turns: 27882, Time: 03:00:07

Health: -25/148    AC: 14    Str: 19    XL:     16   Next: 53%
Magic:  27/27      EV: 30    Int: 11    God:    Makhleb [****..]
Gold:   556        SH:  0    Dex: 27    Spells: 13/15 levels left

rFire    + + +     SeeInvis +     - Unarmed
rCold    . . .     Gourm    .   (no shield)
rNeg     + . .     Faith    .   V - +2 leather armour {rF+}
rPois    +         Spirit   .   j - +0 helmet of Awe {*Corrode rC+ Dex+3 Stlth+}
rElec    .         Reflect  .   r - +2 cloak {rF+}
rCorr    .         Harm     .   C - +0 pair of gloves
MR       +++..                  q - +0 pair of boots
Stlth    ++++......             c - amulet of rage
Regen    0.0/turn               L - ring of poison resistance
MPRegen  0.2/turn               F - ring of Exhibitionism {Fire +Blink Dex+6 SInv Stlth-}

@: berserk cooldown, non-regenerating, slowed, very slow
A: damage resistance, heal wounds, hooves 2, iridescent scales 1, rugged brown
scales 1, blurry vision 1, clumsy 1, high mp 1, magic resistance 1, negative
energy resistance 1, sense surroundings 2, strong 1, evolution 1, MP-powered
wands, no regeneration
a: Heal Wounds, Minor Destruction, Lesser Servant of Makhleb, Major Destruction,
Renounce Religion, Evoke Blink, Evoke Berserk Rage


You were on level 3 of the Spider Nest.
You worshipped Makhleb.
Makhleb was greatly pleased with you.
You were not hungry.

You visited 6 branches of the dungeon, and saw 28 of its levels.
You also visited: Sewer, Ice Cave and Volcano.

You collected 3035 gold pieces.
You spent 2479 gold pieces at shops.

Inventory:

Armour
 j - the +0 helmet of Awe (worn) {*Corrode rC+ Dex+3 Stlth+}
   (You bought it in a shop on level 14 of the Dungeon)

   It affects your dexterity (+3).
   It protects you from cold.
   It may corrode you when you take damage.
   It makes you more stealthy.
 o - a scarf of resistance
 q - a +0 pair of boots (worn)
 r - a +2 cloak of fire resistance (worn)
 C - a +0 pair of gloves (worn)
 Q - the +2 hat of the Bear Spirit {Spirit, +Rage rN+ MR++}
   (You bought it in a shop on level 2 of the Orcish Mines)

   It protects you from negative energy.
   It affects your resistance to hostile enchantments.
   It lets you go berserk.
 V - a +2 leather armour of fire resistance (worn)
Jewellery
 c - an amulet of rage (around neck)
 t - an uncursed ring of see invisible
 F - the ring of Exhibitionism (right hand) {Fire +Blink Dex+6 SInv Stlth-}
   (You found it on level 9 of the Dungeon)

   [ring of fire]

   It enhances your fire magic.
   It affects your dexterity (+6).
   It protects you from fire.
   It makes you vulnerable to cold.
   It lets you see invisible.
   It lets you blink.
   It makes you less stealthy.
 K - an uncursed ring of ice
 L - a ring of poison resistance (left hand)
 U - an uncursed ring of positive energy
 W - the ring "Hasubiso" {*Corrode rElec rN+ Dex+3}
   (You found it on level 6 of the Lair of Beasts)

   [ring of dexterity]

   It affects your dexterity (+3).
   It insulates you from electricity.
   It protects you from negative energy.
   It may corrode you when you take damage.
Wands
 a - a wand of paralysis (0/24)
 b - a wand of acid (0/15)
 m - a wand of polymorph (3/24)
 y - a wand of scattershot (5/9)
 A - a wand of lightning (7/15)
 H - a wand of flame (2/48)
 O - a wand of digging (14/24)
 R - a wand of iceblast (7/15)
 S - a wand of lightning (7/15)
 X - a wand of enslavement (7/24)
 Y - a wand of lightning (7/15)
Scrolls
 g - a scroll of vulnerability
 h - a scroll of fear
 i - 4 scrolls of fog
 n - 5 scrolls of blinking
 p - 6 scrolls of amnesia
 v - 3 scrolls of teleportation
 x - 2 scrolls of remove curse
 G - 3 scrolls of recharging
 I - 2 scrolls of identify
 N - 3 scrolls of summoning
 T - 3 scrolls of magic mapping
Potions
 e - 7 potions of berserk rage
 f - 5 potions of curing
 l - 2 potions of heal wounds
 w - 3 potions of brilliance
 z - a potion of lignification
 B - a potion of flight
 D - 3 potions of agility
 E - 4 potions of haste
 J - 3 potions of might
 M - 2 potions of mutation
 P - 2 potions of cancellation
Miscellaneous
 s - a phantom mirror
 u - a lamp of fire (inert)
Comestibles
 d - 12 royal jellies
 k - 17 meat rations
 Z - 2 bread rations


   Skills:
 - Level 9.0 Fighting
 - Level 3.1 Armour
 - Level 17.0 Dodging
 - Level 8.1 Stealth
 + Level 17.6 Unarmed Combat
 - Level 4.1 Charms
 - Level 12.0 Invocations
 - Level 8.0 Evocations


You had 13 spell levels left.
You knew the following spells:

 Your Spells              Type           Power        Failure   Level  Hunger
a - Song of Slaying       Chrm           #.......     12%         2    ###....


Dungeon Overview and Level Annotations

Branches:
Dungeon (15/15)            Temple (1/1) D:4            Lair (6/6) D:10
 Shoals (0/4) Lair:4       Spider (3/4) Lair:2        Slime (0/5) Lair:5
    Orc (2/2) D:10            Elf (0/3) Orc:2        Vaults (0/5) D:13
 Depths (1/5) D:15

Altars:
Ashenzari
Cheibriados
Dithmenos
Elyvilon
Fedhas
Gozag
Hepliaklqana
Kikubaaqudgha
Makhleb
Nemelex Xobeh
Okawaru
Qazlal
Ru
Sif Muna
Trog
Uskayaw
Vehumet
Xom
Yredelemnul
Zin
The Shining One
Beogh

Shops:
D:9 !   D:14 [   Orc:2 ([*:   Depths:1 [*(=

Portals:
Hell: Depths:1

Annotations:
D:6 1 exclusion
Lair:1 exclusion: 2 oklob plants
Spider:3 Mara
Depths:1 nice armour


Innate Abilities, Weirdness & Mutations

You are resistant to damage.
You can heal yourself by infusing magical energy.
You resist negative energy. (rN+)
You passively map the area around you.
You do not regenerate.
You have hoof-like feet.
You are partially covered in iridescent scales. (AC +2)
You are partially covered in rugged brown scales. (AC +1, +3% HP)
Scrolls take you a little longer to read.
You are clumsy. (Dex -2)
You have an increased reservoir of magic. (+10% MP)
You are resistant to hostile enchantments. (MR+)
Your muscles are strong. (Str +2)
You evolve.
You expend magic power (3 MP) to strengthen your wands.


Message History

You are too berserk!
You pulverise Mara!!!
You kill Mara!
Mara blinks!
Irenicus's illusion barely misses you.
You feel a strong urge to attack something.
You found a teleport trap!
You are no longer berserk.
You are exhausted.
You feel yourself slow down.
Okay, then.
Okay, then.
Okay, then.
Really read with blurry vision while enemies are nearby? [Y]es or [N]o only, please.
Really read with blurry vision while enemies are nearby?
Okay, then.
You feel much better. Irenicus's illusion hits you!!!
* * * LOW HITPOINT WARNING * * *
Irenicus's illusion hits you!!!
You die...

, * * * , ..
.#*,,* , . * ... ,
*, , * . ...., , ,
< ,,.#* ##. #.^..
,, * #.# #.##...,
, , ##.## ##....
,** , , ...###...#
** , * , #.....@##
* ** * , , *
#.....@.##* * *
#........#### * *
*
#........R...#**,
, . #........§.R.#
.##*
##.##....§...... ,
..#*
###.###.#...§....#
, * *#.###..##
###.........,, #*
#.^..## .(........
, ,


You could see 2 Maras and Irenicus's illusion (berserk).

Vanquished Creatures
  Rupert (D:12)
  Gastronok (Lair:1)
  The ghost of equalderp2856 the Severer, a journeyman MiFi (Orc:2)
  An orc warlord (Orc:2)
  A ghost moth (Spider:2)
  4 dire elephants (Lair:6)
  3 hydras
  Fannar (D:12)
  Harold (Lair:1)
  2 ice dragons (IceCv)
  3 centaur warriors
  2 anacondas
  Erica (Lair:1)
  A queen ant (Lair:3)
  12 two-headed ogres
  3 death yaks (Lair:4)
  3 orc high priests (Orc:2)
  A hell hog (Volcano)
  Urug (Orc:1)
  5 skeletal warriors (D:13)
  A glowing orange brain (D:15)
  An unseen horror (D:15)
  A wizard (D:13)
  2 wolf spider zombies (D:15)
  A necromancer (D:13)
  A phantasmal warrior (D:15)
  A mana viper (shapeshifter) (D:15)
  5 orc knights
  16 wolf spiders
  7 orc sorcerers
  The ghost of Feta the Changer, a novice MfTm (D:4)
  3 manticores
  8 orb spiders
  A salamander (Volcano)
  5 cyclopes
  17 elephants
  A salamander (shapeshifter) (Spider:1)
  12 ugly things
  3 black mambas (Lair:5)
  2 ice statues (IceCv)
  An eye of devastation (Lair:5)
  Psyche (D:12)
  A torpor snail (Spider:1)
  A rime drake (shapeshifter) (D:15)
  2 gargoyles
  11 spiny frogs
  An efreet (D:15)
  8 rime drakes
  7 demonic crawlers
  3 komodo dragons
  A kobold demonologist (D:15)
  6 meliai
  6 trolls
  A hornet (shapeshifter) (D:15)
  14 jumping spiders
  Prince Ribbit (D:6)
  3 hornets
  6 slime creatures
  10 dream sheep (Lair:6)
  11 hippogriffs
  17 blink frogs
  A harpy skeleton (D:15)
  25 redbacks
  2 wraiths
  2 shadows
  14 tarantellas
  34 yaks
  3 fire bats (Volcano)
  Sigmund (D:3)
  5 wyverns
  Grum (D:9)
  A hog (shapeshifter) (D:15)
  2 basilisks
  14 vampire mosquitoes
  2 hungry ghosts
  5 wargs
  22 soldier ants
  2 hell hounds (Lair:1)
  7 water moccasins
  4 porcupines
  6 sky beasts
  27 orc warriors
  4 phantoms
  2 black bears (D:13)
  An eye of draining (shapeshifter) (D:15)
  18 ice beasts
  A necrophage (D:5)
  3 wolves (D:9)
  3 eyes of draining
  17 ogres
  12 centaurs
  18 crocodiles
  A big kobold (D:10)
  Blork the orc (D:6)
  17 bullfrogs
  A wyvern zombie (D:14)
  A water moccasin zombie (D:5)
  3 scorpions
  5 killer bees (D:12)
  3 wights (D:10)
  3 electric eels (Lair:2)
  3 howler monkeys
  7 crimson imps
  2 jellies
  30 orc priests
  2 quasits
  3 centaur zombies
  2 bullfrog zombies
  3 hounds
  A bullfrog skeleton (D:4)
  19 orc wizards
  3 iguanas
  4 centaur skeletons
  6 hell rats (Lair:3)
  26 worker ants
  A killer bee zombie (D:6)
  A howler monkey zombie (D:8)
  2 worker ant zombies
  5 gnolls
  A howler monkey skeleton (D:9)
  23 adders
  4 shadow imps
  12 oozes
  2 adder skeletons
  5 worms
  7 dart slugs
  22 leopard geckos
  107 orcs
  13 ball pythons
  16 giant cockroaches
  15 goblins
  5 hobgoblins
  2 jackals (D:7)
  8 kobolds
  9 quokkas
  6 bats
  15 frilled lizards
  2 leopard gecko skeletons
  2 quokka skeletons
  14 rats
  A fungus (Lair:2)
  2 plants (Lair:6)
956 creatures vanquished.

Vanquished Creatures (collateral kills)
  Arachne (Spider:2)
  A redback (Spider:2)
  A steam dragon (D:15)
3 creatures vanquished.

Vanquished Creatures (others)
  A wolf spider (Spider:1)
  2 jumping spiders (Spider:2)
  An acid dragon (D:15)
  An orc (Orc:2)
  7 fungi
  7 plants
  13 toadstools (Lair:1)
32 creatures vanquished.

Grand Total: 991 creatures vanquished

Notes
Turn   | Place    | Note
-------+----------+-------------------------------------------
     0 | D:1      | Irenicus the Deep Dwarf Monk began the quest for the Orb.
     0 | D:1      | Reached XP level 1. HP: 20/20 MP: 1/1
   170 | D:1      | Reached XP level 2. HP: 24/27 MP: 2/2
   700 | D:2      | Reached XP level 3. HP: 33/33 MP: 3/3
   725 | D:2      | Found a white marble altar of Elyvilon.
   887 | D:2      | Became a worshipper of Elyvilon the Healer
   887 | D:2      | Reached * piety under Elyvilon
   887 | D:2      | Reached ** piety under Elyvilon
  1128 | D:2      | Reached XP level 4. HP: 33/40 MP: 4/4
  1519 | D:2      | You fall through a shaft!
  1519 | D:3      | Noticed Sigmund
  1551 | D:3      | Reached skill level 5 in Unarmed Combat
  1561 | D:3      | Reached *** piety under Elyvilon
  1606 | D:2      | Found a snail-covered altar of Cheibriados.
  1921 | D:3      | Reached skill level 1 in Evocations
  2062 | D:3      | Reached XP level 5. HP: 12/46 MP: 6/6
  2302 | D:3      | Killed Sigmund
  2302 | D:3      | Reached XP level 6. HP: 49/55 MP: 3/7
  2595 | D:4      | Noticed Feta's ghost (novice MfTm)
  2624 | D:4      | Killed Feta's ghost
  2624 | D:4      | Reached XP level 7. HP: 31/61 MP: 8/8
  2795 | D:4      | Found a staircase to the Ecumenical Temple.
  2801 | Temple   | Entered the Ecumenical Temple
  2930 | D:4      | Found a bloodstained altar of Trog.
  3177 | D:4      | Reached XP level 8. HP: 65/68 MP: 9/9
  3194 | D:4      | Reached **** piety under Elyvilon
  3533 | D:5      | Entered Level 5 of the Dungeon
  3628 | D:5      | Found a glowing drain.
  3653 | Sewer    | Entered a sewer
  4060 | Sewer    | Got a warped short sword
  4061 | Sewer    | Identified the +8 short sword of Cepsilaem {pierce, +Rage rElec rN+ Dex+4} (You found it in a sewer)
  4091 | D:5      | Reached skill level 10 in Unarmed Combat
  4223 | D:5      | Found a glowing golden altar of the Shining One.
  4241 | D:5      | Found a burning altar of Makhleb.
  4738 | D:5      | Gained mutation: You passively map the area around you. [Deep Dwarf growth]
  4738 | D:5      | Reached XP level 9. HP: 26/74 MP: 10/10
  4906 | D:6      | Reached ***** piety under Elyvilon
  5304 | D:6      | Noticed Blork the orc
  5332 | D:6      | Killed Blork the orc
  5621 | D:6      | Noticed Prince Ribbit
  5630 | D:6      | Killed Prince Ribbit
  6123 | D:7      | Found an opulent altar of Gozag.
  6236 | D:7      | Gained mutation: You have large cloven feet. [mutagenic meat]
  6237 | D:7      | Gained mutation: Your mind is acute. (Int +2) [mutagenic meat]
  6238 | D:7      | Gained mutation: Your spells are a little easier to cast, but a little less powerful. [mutagenic meat]
  6239 | D:7      | Gained mutation: Your body sometimes deteriorates upon taking damage. [mutagenic meat]
  6240 | D:7      | Gained mutation: You are partially covered in iridescent scales. (AC +2) [mutagenic meat]
  6589 | D:8      | Noticed a two-headed ogre
  6719 | D:8      | Reached skill level 1 in Invocations
  6785 | D:8      | Reached XP level 10. HP: 84/84 MP: 13/13
  7017 | D:8      | Killed a two-headed ogre
  7170 | D:9      | Found Xerhiof's Distillery.
  7179 | D:9      | Bought a potion of heal wounds for 65 gold pieces
  7179 | D:9      | Bought a potion of heal wounds for 65 gold pieces
  7179 | D:9      | Bought a potion of lignification for 39 gold pieces
  7179 | D:9      | Bought a potion of haste for 130 gold pieces
  7210 | D:9      | Got a pitted golden ring
  7211 | D:9      | Identified the ring of Exhibitionism {Fire +Blink Dex+6 SInv Stlth-} (You found it on level 9 of the Dungeon)
  7457 | D:9      | Noticed Grum
  7473 | D:9      | Killed Grum
  7554 | D:10     | Entered Level 10 of the Dungeon
  7596 | D:10     | Found a roughly hewn altar of Beogh.
  7596 | D:10     | Found a staircase to the Orcish Mines.
  7676 | D:10     | Noticed an orc knight
  7692 | D:10     | Killed an orc knight
  7693 | D:10     | HP: 2/126 [orc warrior/halberd (24)]
  7931 | D:10     | Paralysed by fainting for 12 turns
  8051 | D:10     | Gained mutation: You are clumsy. (Dex -2) [mutagenic meat]
  8052 | D:10     | Gained mutation: You have hoof-like feet. [mutagenic meat]
  8053 | D:10     | Gained mutation: You are partially covered in icy blue scales. (AC +2) [mutagenic meat]
  8055 | D:10     | Gained mutation: You have an increased reservoir of magic. (+10% MP) [mutagenic meat]
  8319 | D:10     | Found a staircase to the Lair.
  8339 | D:10     | Reached skill level 5 in Dodging
  8411 | D:10     | Reached XP level 11. HP: 90/90 MP: 12/16
  8438 | D:10     | Reached skill level 5 in Invocations
  8573 | D:11     | Noticed a two-headed ogre
  8690 | D:11     | Gained mutation: Your flesh is cold resistant. (rC+) [mutagenic meat]
  8812 | D:11     | Noticed a two-headed ogre
  8830 | D:11     | Killed a two-headed ogre
  9178 | D:11     | Killed a two-headed ogre
  9465 | D:12     | Noticed Fannar
  9490 | D:12     | Killed Fannar
  9490 | D:12     | Reached skill level 5 in Evocations
  9813 | D:12     | Noticed Psyche
  9825 | D:12     | Killed Psyche
 10063 | D:12     | Reached skill level 10 in Dodging
 10111 | D:12     | Noticed a purple ugly thing
 10123 | D:12     | Killed a purple ugly thing
 10206 | D:12     | Found a basalt altar of Yredelemnul.
 10209 | D:12     | Noticed Rupert
 10210 | D:12     | Paralysed by Rupert for 2 turns
 10236 | D:12     | Killed Rupert
 10236 | D:12     | Reached XP level 12. HP: 73/97 MP: 15/19
 10717 | Orc:1    | Entered Level 1 of the Orcish Mines
 10908 | Orc:1    | Noticed Urug
 10917 | Orc:1    | Killed Urug
 11081 | Orc:1    | You fall through a shaft!
 11081 | Orc:2    | Entered Level 2 of the Orcish Mines
 11085 | Orc:2    | Noticed a two-headed ogre
 11093 | Orc:2    | Killed a two-headed ogre
 11093 | Orc:2    | Reached skill level 5 in Fighting
 11150 | Orc:2    | Found a frozen archway.
 11160 | IceCv    | Entered an ice cave
 11382 | IceCv    | Noticed an ice dragon
 11383 | IceCv    | Noticed an ice dragon
 11404 | IceCv    | Killed an ice dragon
 11412 | IceCv    | Killed an ice dragon
 11723 | Orc:2    | Noticed equalderp2856's ghost (journeyman MiFi)
 11817 | Orc:2    | Killed equalderp2856's ghost
 12176 | Orc:2    | Noticed an orc warlord
 12211 | Orc:2    | Killed an orc warlord
 12211 | Orc:2    | Reached XP level 13. HP: 112/121 MP: 18/21
 12516 | Orc:2    | Reached skill level 10 in Invocations
 12963 | Orc:2    | Found Xeloilio's General Store.
 12964 | Orc:2    | Found Ocrukhok's Book Emporium.
 12975 | Orc:2    | Found Bal Lano's Antique Armour Emporium.
 12975 | Orc:2    | Found Xegix's Antique Weapon Shoppe.
 13001 | Orc:2    | Bought a silken robe for 153 gold pieces
 13001 | Orc:2    | Bought the +2 hat of the Bear Spirit {Spirit, +Rage rN+ MR++} for 1055 gold pieces
 13021 | Orc:2    | Identified the cursed +0 robe "Zaovihao" {Int+2} (You bought it in a shop on level 2 of the Orcish Mines)
 13415 | Orc:2    | Found a staircase to the Elven Halls.
 14046 | Lair:1   | Entered Level 1 of the Lair of Beasts
 14220 | Lair:1   | Noticed Harold
 14242 | Lair:1   | Killed Harold
 14282 | Lair:1   | Found a blossoming altar of Fedhas.
 14282 | Lair:1   | Noticed Gastronok
 14296 | Lair:1   | Killed Gastronok
 14298 | Lair:1   | Noticed Erica
 14334 | Lair:1   | Killed Erica
 14501 | Lair:1   | Reached skill level 15 in Unarmed Combat
 14599 | Lair:1   | Found a dark tunnel.
 14605 | Volcano  | Entered a volcano
 15670 | Lair:2   | Paralysed by a hornet for 3 turns
 15680 | Lair:2   | Gained mutation: You resist negative energy. (rN+) [Deep Dwarf growth]
 15680 | Lair:2   | Reached XP level 14. HP: 57/129 MP: 25/25
 15996 | Lair:2   | Found a hole to the Spider Nest.
 17703 | Lair:4   | Found a staircase to the Shoals.
 18899 | Lair:5   | Found a staircase to the Slime Pits.
 19234 | Lair:6   | Entered Level 6 of the Lair of Beasts
 19710 | Lair:6   | Reached skill level 15 in Dodging
 19983 | Lair:6   | Reached XP level 15. HP: 67/135 MP: 26/26
 20555 | Lair:6   | Got a coiled ivory ring
 20557 | Lair:6   | Identified the ring "Hasubiso" {*Corrode rElec rN+ Dex+3} (You found it on level 6 of the Lair of Beasts)
 20829 | Lair:6   | Got a smoking leather armour
 20840 | Lair:6   | Identified the +1 leather armour "Impucoskic" {MR+} (You found it on level 6 of the Lair of Beasts)
 21224 | D:5      | Fell from the grace of Elyvilon
 21224 | D:5      | Became a worshipper of Makhleb the Destroyer
 21390 | D:13     | Found a sacrificial altar of Ru.
 21736 | D:13     | Learned a level 2 spell: Song of Slaying
 21847 | D:13     | Found a gate to the Vaults.
 22078 | D:13     | Reached * piety under Makhleb
 22787 | D:14     | Gained mutation: You are partially covered in rugged brown scales. (AC +1, +3% HP) [mutagenic meat]
 22922 | D:14     | Lost mutation: Your flesh is cold resistant. (rC+) [mutagenic meat]
 22923 | D:14     | Gained mutation: Your muscles are strong. (Str +2) [mutagenic meat]
 22924 | D:14     | Lost mutation: Your body sometimes deteriorates upon taking damage. [mutagenic meat]
 23027 | D:14     | Found Zikutit's Antique Armour Emporium.
 23031 | D:14     | Bought a crude helmet for 342 gold pieces
 23043 | D:14     | Identified the +0 helmet of Awe {*Corrode rC+ Dex+3 Stlth+} (You bought it in a shop on level 14 of the Dungeon)
 23137 | D:14     | Bought an embroidered cloak for 270 gold pieces
 23221 | D:14     | Reached skill level 1 in Charms
 23840 | D:15     | Entered Level 15 of the Dungeon
 23915 | D:14     | Reached ** piety under Makhleb
 24221 | D:15     | Reached skill level 1 in Armour
 24637 | D:15     | Found a shadowy altar of Dithmenos.
 24742 | D:15     | Reached skill level 5 in Stealth
 24879 | D:15     | Gained mutation: Your body sometimes deteriorates upon taking damage. [mutagenic meat]
 24880 | D:15     | Lost mutation: Your body sometimes deteriorates upon taking damage. [mutagenic meat]
 24881 | D:15     | Lost mutation: Your mind is acute. (Int +2) [mutagenic meat]
 25263 | D:15     | Reached *** piety under Makhleb
 25380 | D:15     | Gained mutation: Your body sometimes deteriorates upon taking damage. [mutagenic meat]
 25445 | D:15     | Gained mutation: You evolve. [mutagenic meat]
 25448 | D:15     | Gained mutation: You expend magic power (3 MP) to strengthen your wands. [mutagenic meat]
 25449 | D:15     | Lost mutation: Your body sometimes deteriorates upon taking damage. [mutagenic meat]
 25450 | D:15     | Lost mutation: You are clumsy. (Dex -2) [mutagenic meat]
 25451 | D:15     | Gained mutation: You are clumsy. (Dex -2) [mutagenic meat]
 25452 | D:15     | Lost mutation: Your spells are a little easier to cast, but a little less powerful. [mutagenic meat]
 25482 | D:15     | Found a staircase to the Depths.
 25530 | Depths:1 | Entered Level 1 of the Depths
 25532 | Depths:1 | Found Hyqorry's Antique Armour Emporium.
 25533 | Depths:1 | Found Olyiclid's Antique Weapon Shoppe.
 25533 | Depths:1 | Found Gyjumu Ygha's Assorted Antiques.
 25536 | Depths:1 | Found Juxerodue's Jewellery Shoppe.
 25559 | Depths:1 | Bought an uncursed ring of poison resistance for 360 gold pieces
 25578 | Depths:1 | Found a gateway to Hell.
 25856 | Spider:1 | Entered Level 1 of the Spider Nest
 25865 | Spider:1 | Reached XP level 16. HP: 148/148 MP: 27/27
 26282 | Spider:1 | Reached **** piety under Makhleb
 26685 | Spider:2 | Noticed Arachne
 26715 | Spider:2 | Killed Arachne
 26942 | Spider:2 | Lost mutation: You are partially covered in icy blue scales. (AC +2) [mutagenic meat]
 26944 | Spider:2 | Gained mutation: Scrolls take you a little longer to read. [mutagenic meat]
 26945 | Spider:2 | Gained mutation: You are resistant to hostile enchantments. (MR+) [mutagenic meat]
 27840 | Spider:3 | Noticed Mara
 27858 | Spider:3 | Noticed Irenicus's illusion
 27882 | Spider:3 | Annihilated by Irenicus's illusion

Skill      XL: |  1  2  3  4  5  6  7  8  9 10 11 12 13 14 15 16 |
---------------+-------------------------------------------------+-----
Unarmed Combat | 3 4 5 6 8 10 12 14 15 16 17 | 17.6
Evocations     | 1 2 4 7 8 |  8.0
Fighting       | 3 9 |  9.0
Invocations    | 1 4 7 8 11 12 | 12.0
Dodging        | 5 11 15 17 | 17.0
Charms         | 4 |  4.1
Armour         | 3 |  3.1
Stealth        | 8 |  8.1

Action                   |  1- 3 |  4- 6 |  7- 9 | 10-12 | 13-15 | 16-18 || total
-------------------------+-------+-------+-------+-------+-------+-------++-------
Melee: Unarmed           |   113 |   149 |   500 |   811 |  2107 |   507 ||  4187
       Punch             |     1 |     4 |    22 |    86 |   267 |    75 ||   455
Throw: Throwing net      |       |       |       |       |     2 |       ||     2
       Tomahawk          |       |       |       |       |     2 |       ||     2
 Cast: Song of Slaying   |       |       |       |       |     1 |       ||     1
Invok: Lesser Healing    |       |     7 |    58 |    71 |   118 |       ||   254
       Greater Healing   |       |       |       |    10 |    17 |       ||    27
       Minor Destruction |       |       |       |       |       |    17 ||    17
       Lesser Servant of |       |       |       |       |       |     1 ||     1
 Abil: Evoke Berserk Rag |     2 |    10 |    22 |    40 |    41 |     5 ||   120
       Evoke Blink       |       |       |       |       |     8 |       ||     8
       Heal Wounds       |       |       |       |       |     7 |     1 ||     8
Evoke: Wand              |       |     2 |       |     9 |    23 |    12 ||    46
       Lamp of fire      |       |       |       |       |       |     1 ||     1
  Use: Potion            |       |     2 |     1 |     7 |     5 |     2 ||    17
       Scroll            |       |       |     3 |    10 |    17 |     1 ||    31
 Stab: Sleeping          |     8 |     1 |    12 |     7 |     8 |     5 ||    41
       Distracted        |       |       |     1 |     1 |     1 |     3 ||     6
       Held in net/web   |       |       |       |       |     1 |       ||     1
       Paralysed         |       |       |       |       |    11 |       ||    11
  Eat: Chunk             |     2 |    15 |    34 |    62 |   108 |    13 ||   234
       Fruit             |       |       |     6 |       |    20 |     2 ||    28
       Bread ration      |       |       |     2 |     4 |     3 |     1 ||    10
Armor: Robe              |    17 |    17 |    84 |   146 |    46 |       ||   310
       Skin              |       |     3 |     4 |    13 |       |       ||    20
       Leather armour    |       |       |       |       |   212 |   104 ||   316
Dodge: Dodged            |    50 |    73 |   318 |   483 |  1573 |   865 ||  3362
